 Dungeon Crawl Stone Soup version 0.25-a0-265-g7af84ae (webtiles) character file.

Game seed: 186212749238781931, levelgen mode: deterministic

65 Birdy the Ruffian (level 3, 0/29 HPs)
             Began as a Draconian Transmuter on Dec 8, 2019.
             Killed by nerve-wracking pain
             ... invoked by a shadow imp
             ... summoned by Natasha
              (10 damage)
             ... on level 2 of the Dungeon.
             The game lasted 00:02:24 (773 turns).

Birdy the Ruffian (Draconian Transmuter)             Turns: 773, Time: 00:02:24

Health: 0/29       AC:  5    Str: 19    XL:     3   Next: 92%
Magic:  6/6        EV: 12    Int: 13    God:
Gold:   40         SH:  0    Dex: 11    Spells: 5/6 levels left

rFire    + . .     SeeInvis .     - Unarmed
rCold    + . .     Gourm    .   (no shield)
rNeg     . . .     Faith    .   (armour unavailable)
rPois    +         Spirit   .   (helmet restricted)
rElec    +         Reflect  .   (no cloak)
rCorr    +         Harm     .   (no gloves)
MR       .....                  (boots currently unavailable)
Stlth    +.........             (no amulet)
HPRegen  0.09/turn              i - +6 ring of strength
MPRegen  0.10/turn              (no ring)

@: appendage (expiring), resistant
A: unfitting armour, talons 3, cold-blooded, AC +5
a: End Transformation


You were on level 2 of the Dungeon.
You were not hungry.
You had grown temporary talons.
You visited 1 branch of the dungeon, and saw 2 of its levels.

You collected 40 gold pieces.

Inventory:

Missiles
 a - 25 arrows
Jewellery
 i - a +6 ring of strength (left hand)
Wands
 b - a wand of digging (6)
Scrolls
 e - a scroll of fog {unknown}
Potions
 d - a potion of flight {unknown}
 f - 2 potions of curing
 g - a potion of resistance
Comestibles
 c - 2 rations


   Skills:
 + Level 2.1 Fighting
 + Level 2.4 Dodging
 * Level 4.0 Unarmed Combat
 - Level 2.0 Spellcasting
 - Level 2.0 Transmutations


You had 5 spell levels left.
You knew the following spells:

 Your Spells              Type           Power        Failure   Level  Hunger
a - Beastly Appendage     Tmut           #.....       11%         1    ##.....

Your spell library contained the following spells:

 Spells                   Type           Power        Failure   Level  Hunger
 Sticks to Snakes         Tmut           #.......     17%         2    ###....
 Spider Form              Tmut/Pois      #.........   45%         3    ####...
 Ice Form                 Ice/Tmut       #.......     86%         4    #####..
 Blade Hands              Tmut           #.........   97%         5    ######.


Dungeon Overview and Level Annotations

Branches:
Dungeon (2/15)

Altars:

Annotations:
D:2 Natasha


Innate Abilities, Weirdness & Mutations

Your plain brown scales are hard. (AC +5)
You cannot fit into any form of body armour.
You are cold-blooded and may be slowed by cold attacks.
You have claws for feet.


Message History

Okay, then.
You punch the hobgoblin!
You kill the hobgoblin!
Natasha mumbles some strange words.
You barely miss Natasha. Your kick misses Natasha.
Natasha mumbles some strange words.
You barely miss Natasha.
The crimson imp disappears for a moment.
Natasha closely misses you.
You barely miss Natasha. Natasha casts a spell at you. The magic dart hits you!
* * * LOW HITPOINT WARNING * * *
You feel better. The crimson imp hits you. Natasha claws you.
The crimson imp blinks!
It was a potion of resistance.
You feel protected. The shadow imp gestures at you.
Pain shoots through your body!
You die...

## #.....##......##..
#8## #..............
...8## ###....).<......
....####...####†###....
...>#...#.####.####...
...##..#......#)......
8##....####.##......
#..### #. ##.....
#####@.# #. ##....
#..5.### #. ##...
#...h# #. ##.. #$..5#
#. ## #....# . #....#
######


You could see Natasha, a crimson imp and a shadow imp.

Vanquished Creatures
  Jessica (D:2)
  A dart slug (D:1)
  A leopard gecko (D:2)
  9 bats
  4 giant cockroaches (D:1)
  A goblin (D:1)
  6 hobgoblins
  4 jackals (D:1)
  A kobold (D:1)
  2 ball pythons (D:1)
  3 rats
33 creatures vanquished.

Notes
Turn   | Place    | Note
-------+----------+-------------------------------------------
     0 | D:1      | Birdy the Draconian Transmuter began the quest for the Orb.
     0 | D:1      | Reached XP level 1. HP: 16/16 MP: 3/3
   226 | D:1      | Reached XP level 2. HP: 23/23 MP: 3/5
   479 | D:1      | Reached XP level 3. HP: 21/29 MP: 3/6
   711 | D:2      | Noticed Jessica
   730 | D:2      | Killed Jessica
   730 | D:2      | Reached skill level 4 in Unarmed Combat
   760 | D:2      | Noticed Natasha
   773 | D:2      | Killed from afar by a shadow imp

Levels and vault maps discovered:
D:1:      giann_wishing_wells, layout_basic
D:2:      layout_rooms, grunt_qazlal_sundering, nicolae_ashenzari_panopticon,
          nicolae_overflow_hidden_temple, uniq_jessica, uniq_natasha

Skill      XL: |  1  2  3 |
---------------+----------+-----
Dodging        | 2 |  2.4
Fighting       | 2 |  2.1
Unarmed Combat | 4 |  4.0
Spellcasting   | |  2.0
Transmutations | |  2.0

Action                   || total
-------------------------++-------
Melee: Unarmed           ||   107
       Tailslap          ||    14
       Headbutt          ||     4
       Kick              ||     8
       Punch             ||     1
 Cast: Beastly Appendage ||    14
  Use: Scroll            ||     4
       Potion            ||     2
Armor: Skin              ||    50
Dodge: Dodged            ||   106

Table legend:
 A = Non-vault XP
 B = Vault XP
 C = Vault XP percentage of total XP
 D = Non-vault monster count
 E = Vault monster count
 F = Vault count percentage of total count
                 A         B        C        D         E       F
            +---------+---------+-------+---------+---------+-------
      Total |      56 |      37 |  39.8 |      32 |       1 |   3.0
            +---------+---------+-------+---------+---------+-------
        D:1 |      47 |       0 |   0.0 |      27 |       0 |   0.0
        D:2 |       9 |      37 |  80.4 |       5 |       1 |  16.7
            +---------+---------+-------+---------+---------+-------
